 Dungeon Crawl Stone Soup version 0.30.0-5-g1a98f26d00 (webtiles) character file.

Game seed: 16811246978832820689

4698 freelancePsychic the Slicer (level 10, -3/55 HPs)
             Began as a Vine Stalker Brigand on May 12, 2023.
             Was a High Priest of Uskayaw.
             Killed from afar by Erica (22 damage)
             ... with a bolt of poison
             ... on level 8 of the Dungeon.
             The game lasted 00:12:58 (7277 turns).

freelancePsychic the Slicer (Vine Stalker Brigand)  Turns: 7277, Time: 00:12:59

Health: -3/55      AC:  8    Str: 17    XL:     10   Next: 45%
Magic:  0/13       EV: 10    Int: 11    God:    Uskayaw [*****.]
Gold:   192        SH:  6    Dex: 17    Spells: 9/9 levels left

rFire   + . .        l - +3 dagger
rCold   . . .        g - +0 buckler
rNeg    . . .        p - +0 ring mail
rPois   .            (no helmet)
rElec   .            c - +0 cloak
rCorr   .            (no gloves)
SInv    .            K - +1 pair of boots
Will    ++...        G - amulet of regeneration
Stlth   ++           f - ring of willpower
HPRegen 1.89/turn    u - ring of protection from fire
MPRegen 0.13/turn

%: guardian spirit
@: lethally poisoned (-3 -> -7)
A: fangs 3, regeneration 1, magic shield, antimagic bite, no potion heal 2
a: Renounce Religion, Stomp, Line Pass, Grand Finale


You were on level 8 of the Dungeon.
You worshipped Uskayaw.
Uskayaw was noncommittal.
You visited 2 branches of the dungeon, and saw 9 of its levels.

You collected 325 gold pieces.
You spent 133 gold pieces at shops.

Inventory:

Hand Weapons
 a - a +2 dagger
 l - a +3 dagger (weapon)
Missiles
 d - 33 poisoned darts
 r - a curare-tipped dart (quivered)
 F - 3 throwing nets
 H - 12 javelins
 J - a boomerang
Armour
 c - a +0 cloak (worn)
 g - a +0 buckler (worn)
 p - a +0 ring mail (worn)
 K - a +1 pair of boots (worn)
Jewellery
 f - a ring of willpower (left hand)
 s - a ring of willpower
 t - a +6 ring of strength
 u - a ring of protection from fire (right hand)
 G - an amulet of regeneration (around neck)
 L - a ring of resist corrosion
 M - a ring of positive energy
Wands
 z - a wand of acid (5)
 E - a wand of digging (3)
Scrolls
 h - 3 scrolls of blinking
 k - a scroll of fog
 q - 3 scrolls of teleportation {@r4}
 v - 2 scrolls of magic mapping
 w - a scroll of silence
 x - 2 scrolls of amnesia
 y - 2 scrolls of summoning
 D - a scroll of enchant armour
Potions
 b - a potion of might
 e - 3 potions of flight
 i - a potion of ambrosia {unknown}
 j - 2 potions of brilliance {unknown}
 m - 7 potions of curing {unknown}
 n - a potion of mutation {unknown}
 o - a potion of berserk rage {unknown}
 A - a potion of resistance
 C - a potion of degeneration {unknown}
 I - 3 potions of heal wounds {unknown}


   Skills:
 + Level 7.0 Fighting
 * Level 9.9 Short Blades
 - Level 2.6 Throwing
 - Level 0.7 Dodging
 - Level 4.8 Stealth
 - Level 6.0 Shields
 + Level 2.7 Invocations


You had 9 spell levels left.
You didn't know any spells.
Your spell library contained the following spells:

 Spells                   Type           Power      Damage    Failure   Level
 Apportation              Tloc           0%         N/A       63%         1
 Cigotuvi's Dreadful Rot  Necr/Pois/Air  0%         N/A       77%         2
 Ignite Poison            Fire/Tmut/Pois 0%         N/A       94%         3
 Summon Guardian Golem    Hex/Summ       0%         N/A       94%         3
 Tukima's Dance           Hex            0%         N/A       94%         3
 Animate Armour           Summ/Erth      0%         N/A       100%        4
 Dispel Undead            Necr           0%         3d6       100%        4
 Passage of Golubria      Tloc           0%         N/A       100%        4
 Alistair's Intoxication  Tmut/Pois      0%         N/A       100%        5
 Blade Hands              Tmut           0%         N/A       100%        5
 Freezing Cloud           Conj/Ice/Air   0%         6-21      100%        5
 Silence                  Hex/Air        0%         N/A       100%        5
 Yara's Violent Unravell  Hex/Tmut       0%         3d3       100%        5
 Death Channel            Necr           0%         N/A       100%        6
 Iron Shot                Conj/Erth      0%         9d1       100%        6
 Orb of Destruction       Conj           0%         9d5       100%        7
 Spellforged Servitor     Conj/Summ      0%         N/A       100%        7
 Lehudib's Crystal Spear  Conj/Erth      0%         10d2      100%        8


Dungeon Overview and Level Annotations

Branches:
Dungeon (8/15)             Temple (1/1) D:7
   Lair: D:8-11

Altars:
Ashenzari
Dithmenos
Elyvilon
Fedhas
Gozag
Hepliaklqana
Kikubaaqudgha
Makhleb
Okawaru
Ru
Sif Muna
Trog
Uskayaw
Wu Jian
Xom
Yredelemnul
Zin
The Shining One

Shops:
D:5 ?*

Annotations:
D:8 Erica


Innate Abilities, Weirdness & Mutations

You have razor-sharp teeth.
Your natural rate of healing is unusually fast.
When hurt, damage is shared between your health and your magic reserves.
Your bite disrupts and absorbs the magic of your enemies.
Potions cannot restore your health.


Message History

You closely miss something. Something hits you.
You hit something. Your bite misses something.
You hit something but do no damage. Something hits you.
You miss something. You closely miss something. You bite something.
You drain its magic.
You feel invigorated. Something hits you! Something burns you.
You closely miss something. You bite something! You drain its magic.
You feel invigorated. Something hits you.
You hit something. Your bite misses something. You hit something.
You bite something. You drain its magic.
You can now merge with and destroy a victim.
You hit something. Your bite misses something. You completely miss something.
Your bite misses something. Something hits you but does no damage.
You hit something but do no damage. Your bite misses something.
You barely miss something. You block something's attack.
You hit something. Your bite misses something.
You hit something but do no damage. Something hits you! Something burns you.
You hit something but do no damage. Your bite misses something.
Something hits you.
Aiming: Line Pass
Press: ? - help, Dir - move target
Okay, then.
You puncture something! You bite something. You drain its magic.
You feel invigorated.
You hit something. Your bite misses something. Something hits you!
Aiming: Corrosive Bolt
Press: ? - help, Shift-Dir - straight line, f - you That beam is likely to hit you.
Continue anyway?
Okay, then.
Unknown command.
Aiming: Corrosive Bolt
Press: ? - help, Shift-Dir - straight line The bolt of acid hits something.
You hear some strange, mumbled words.
A bolt of poison appears from out of thin air!
The bolt of poison hits you!!
You are poisoned.
You die...

#....... #######.......
#.............
######......##'####
#....#......#.....# .
#..<.#......#.....# ...
#...)'......#.....+
.....#..))#......#.....#
..>..'{@..#......#.....#
######....#......#.....#
######......#.....#
..##+### ##.# ...# #..g
g...+ ##.⌠o #.g.. ##...#
#..o.#


There were no monsters in sight!

Vanquished Creatures
  Pikel (D:4)
  A komodo dragon (D:5)
  Prince Ribbit (D:5)
  3 slime creatures (D:8)
  A steam dragon (D:8)
  2 water moccasins
  An orc warrior (D:8)
  4 ice beasts
  A sky beast (D:7)
  2 black bears
  2 ogres
  A lemure (D:4)
  2 kobold brigands
  2 bullfrogs
  5 scorpions
  8 wights (D:8)
  A howler monkey (D:5)
  4 hounds
  3 gnoll boudas
  3 orc priests
  6 jellies
  4 sleepcaps
  4 iguanas
  3 orc wizards
  5 adders
  14 gnolls
  A shadow imp (D:5)
  A white imp (D:5)
  2 ufetubi (D:5)
  A worm (D:2)
  7 dart slugs
  22 orcs
  3 endoplasms (D:1)
  4 giant cockroaches
  5 goblins
  3 hobgoblins (D:2)
  4 jackals (D:1)
  4 quokkas
  3 ball pythons
  4 bats
  5 frilled lizards
  13 kobolds
  7 rats
173 creatures vanquished.

Notes
Turn   | Place    | Note
-------+----------+-------------------------------------------
     0 | D:1      | freelancePsychic the Vine Stalker Brigand began the quest
                  | for the Orb.
     0 | D:1      | Reached XP level 1. HP: 11/11 MP: 2/2
   139 | D:1      | Reached skill level 2 in Short Blades
   548 | D:1      | Reached XP level 2. HP: 15/15 MP: 3/3
   982 | D:2      | Reached XP level 3. HP: 15/18 MP: 4/4
  1071 | D:2      | Identified the +0 robe "Agotig" {*Slow rF+ rCorr Str+2}
  1314 | D:2      | Reached skill level 1 in Shields
  1718 | D:3      | Reached skill level 3 in Short Blades
  1718 | D:3      | Gained mutation: Your natural rate of healing is unusually
                  | fast. [Vine Stalker growth]
  1718 | D:3      | Reached XP level 4. HP: 11/23 MP: 3/5
  2155 | D:3      | Reached XP level 5. HP: 27/27 MP: 6/6
  2168 | D:3      | Identified the +3 spear "Killer Klown's Doom" {flame, rF+
                  | rC+ Int+3}
  2647 | D:4      | Noticed Pikel
  2647 | D:4      | Noticed a lemure
  2647 | D:4      | Noticed a lemure
  2688 | D:4      | Killed a lemure
  2704 | D:4      | Killed Pikel
  2705 | D:4      | Reached skill level 5 in Short Blades
  2705 | D:4      | Reached XP level 6. HP: 33/33 MP: 7/7
  2705 | D:4      | Reached XP level 7. HP: 37/37 MP: 8/8
  3281 | D:4      | Gained mutation: You have razor-sharp teeth. [Vine Stalker
                  | growth]
  3281 | D:4      | Reached XP level 8. HP: 35/42 MP: 7/9
  3292 | D:4      | Reached skill level 6 in Short Blades
  3477 | D:5      | Entered Level 5 of the Dungeon
  3626 | D:5      | Found Ikiyf's Magic Scroll Emporium.
  3640 | D:5      | Bought a scroll of summoning for 133 gold pieces
  3641 | D:5      | Found Tptifar's Tempting Trifles.
  4072 | D:5      | Noticed a komodo dragon
  4072 | D:5      | Noticed Prince Ribbit
  4092 | D:5      | Reached skill level 5 in Fighting
  4092 | D:5      | Reached skill level 7 in Short Blades
  4326 | D:6      | Reached XP level 9. HP: 47/47 MP: 10/10
  4715 | D:6      | Reached skill level 5 in Shields
  5155 | D:6      | Reached skill level 8 in Short Blades
  5838 | D:7      | Found a staircase to the Ecumenical Temple.
  5870 | Temple   | Entered the Ecumenical Temple
  5988 | Temple   | Became a worshipper of Uskayaw the Reveller
  6032 | D:7      | Reached * piety under Uskayaw
  6040 | D:7      | Reached ** piety under Uskayaw
  6298 | D:5      | Reached *** piety under Uskayaw
  6299 | D:5      | Killed a komodo dragon
  6305 | D:5      | Reached **** piety under Uskayaw
  6324 | D:5      | Reached ***** piety under Uskayaw
  6339 | D:5      | Killed Prince Ribbit
  6340 | D:5      | Reached skill level 9 in Short Blades
  6340 | D:5      | Reached XP level 10. HP: 22/53 MP: 4/11
  6625 | D:8      | Reached skill level 1 in Invocations
  7153 | D:8      | Found a glowing silver altar of Zin.
  7155 | D:8      | Found an iron altar of Okawaru.
  7243 | D:8      | Noticed Erica
  7277 | D:8      | Killed from afar by Erica

Illustrated notes

Levels and vault maps discovered:
D:1:      heliophobic_arrival_henge, layout_basic
D:2:      layout_loops_ring
D:3:      layout_rooms, nicolae_concentric_dashed_squares_wild,
          wander_ebering_terrifying_dragon_lair
D:4:      layout_loops_ring, kennysheep_opposing_triangles, uniq_pikel
D:5:      cheibrodos_barr_body, layout_cave_pools, serial_shops, shop,
          nicolae_alphabet_shops, chequers_garden, uniq_prince_ribbit1
D:6:      layout_loops_corners
D:7:      layout_loops_ring, minmay_temple_entry_overgrown
D:8:      layout_gridville, nicolae_overflow_hidden_temple, grunt_ministairs_13,
          uniq_erica
Temple:   kb_temple_of_zot

Skill      XL: |  1  2  3  4  5  6  7  8  9 10 |
---------------+-------------------------------+-----
Short Blades   | 2 3 5 7 9 |  9.9
Fighting       | 2 4 5 6 7 |  7.0
Shields        | 1 3 4 6 |  6.0
Throwing       | 2 |  2.6
Invocations    | 2 |  2.7
Dodging        | |  0.7
Stealth        | |  4.8

Action                     |  1- 3 |  4- 6 |  7- 9 | 10-12 || total
---------------------------+-------+-------+-------+-------++-------
  Melee: Dagger            |    77 |    82 |   434 |   179 ||   772
         Bite              |    14 |    23 |   161 |    84 ||   282
  Throw: Dart              |     4 |    12 |    22 |     1 ||    39
         Throwing net      |       |     1 |       |       ||     1
  Evoke: Wand              |       |       |     2 |     4 ||     6
    Use: Scroll            |     2 |     1 |     6 |     3 ||    12
   Stab: Sleeping          |     7 |     3 |    10 |     1 ||    21
         Distracted        |       |       |     2 |       ||     2
         Paralysed         |       |       |     1 |     7 ||     8
 Armour: Robe              |    11 |       |       |       ||    11
         Ring mail         |     3 |    21 |    76 |    20 ||   120
  Dodge: Dodged            |    41 |    23 |   112 |    37 ||   213
  Block: Buckler           |    17 |    17 |    75 |    30 ||   139
